Map: Prion Terraces

Players

IIIIIIIIIIII

  • Race: Protoss Protoss
  • League: Master

Miszu - Winner!

  • Race: Terran Terran
  • League: Master

VOD

Have the link to the VOD?

Description

Time

  • Played on: March 14, 2016, 4:50 p.m.
  • Length: 7:33
Show
View Real Time Build Order
Export as new Build Order

IIIIIIIIIIII Protoss 

Build Orders: 1 Gate Expand, Double Forge 

Get SALT Encoding   

  12  0:00  Probe (Chrono Boost)  
  13  0:11  Probe (Chrono Boost)  
  14  0:18  Pylon  
  14  0:22  Probe (Chrono Boost)  
  15  0:36  Gateway, Probe (Chrono Boost)  
  16  0:46  Probe (Chrono Boost)  
  16  0:48  Assimilator  
  18  0:57  Probe (Chrono Boost)  
  18  1:07  Probe (Chrono Boost)  
  19  1:18  Probe (Chrono Boost)  
  20  1:21  Nexus  
  20  1:31  Cybernetics Core  
  20  1:33  Probe (Chrono Boost)  
  21  1:40  Assimilator  
  21  1:44  Probe (Chrono Boost)  
  22  1:49  Pylon  
  22  1:55  Probe (Chrono Boost)  
  23  2:07  Probe (Chrono Boost)  
  23  2:08  Adept (Chrono Boost)  
  26  2:11  Warp Gate  
  26  2:19  Mothership Core (Chrono Boost)  
  28  2:33  Probe (Chrono Boost)  
  28  2:35  Stalker (Chrono Boost)  
  31  2:40  Probe (Chrono Boost)  
  33  2:44  Probe (Chrono Boost)  
  33  2:51  Robotics Facility, Probe (Chrono Boost)  
  34  2:55  Probe (Chrono Boost)  
  35  3:01  Probe (Chrono Boost)  
  35  3:04  Stalker  
  35  3:05  Probe (Chrono Boost)  
  38  3:12  Probe (Chrono Boost)  
  38  3:16  Probe (Chrono Boost)  
  39  3:23  Probe (Chrono Boost)  
  39  3:26  Probe (Chrono Boost)  
  41  3:29  Pylon  
  41  3:34  Stalker, Probe (Chrono Boost)  
  42  3:37  Probe (Chrono Boost)  
  45  3:43  Robotics Bay  
  45  3:44  Probe (Chrono Boost)  
  45  3:47  Pylon, Warp Prism (Chrono Boost)  
  45  3:48  Probe (Chrono Boost)  
  49  3:49  Assimilator  
  49  3:55  Probe (Chrono Boost)  
  50  3:58  Probe (Chrono Boost)  
  50  3:59  Gateway  
  50  4:00  Gateway  
  51  4:04  Pylon  
  51  4:05  Probe (Chrono Boost)  
  51  4:06  Assimilator  
  51  4:08  Assimilator  
  52  4:10  Probe (Chrono Boost)  
  52  4:15  Probe (Chrono Boost)  
  54  4:17  Sentry  
  54  4:21  Probe  
  54  4:23  Observer (Chrono Boost)  
  58  4:28  Probe  
  59  4:31  Probe  
  60  4:40  Probe  
  60  4:42  Disruptor (Chrono Boost), Probe  
  65  4:52  Forge, Probe x2  
  66  4:53  Forge  
  66  4:54  Pylon  
  66  4:59  Pylon  
  67  5:01  Stalker  
  67  5:04  Probe  
  70  5:07  Pylon  
  70  5:11  Probe (Chrono Boost)  
  70  5:13  Observer (Chrono Boost)  
  72  5:16  Gravitic Drive, Probe (Chrono Boost)  
  72  5:17  Nexus  
  73  5:22  Probe (Chrono Boost)  
  73  5:23  Pylon  
  73  5:27  Probe (Chrono Boost)  
  75  5:29  Protoss Ground Weapons Level 1 (Chrono Boost), Protoss Ground Armor Level 1 (Chrono Boost)  
  75  5:33  Probe  
  75  5:34  Stalker  
  75  5:35  Stalker  
  80  5:38  Probe  
  80  5:42  Pylon x2  
  81  5:45  Probe  
  88  5:50  Probe  
  89  5:57  Probe  
  89  6:02  Probe  
  91  6:12  Stalker x3  
  91  6:14  Probe  
  91  6:17  Twilight Council, Probe  
  94  6:19  Colossus (Chrono Boost)  
  94  6:26  Probe  
  94  6:27  Probe  
  94  6:29  Probe  
  97  6:34  Gateway  
  97  6:35  Gateway  
  97  6:36  Gateway  
  97  6:37  Gateway  
  97  6:38  Probe x2  
  99  6:40  Pylon  
  99  6:41  Adept x2, Probe  
  104  6:54  Assimilator  
  104  6:58  Assimilator  
  104  7:08  Pylon, Stalker x3  
  110  7:10  Pylon  
Show
View Real Time Build Order
Export as new Build Order

Miszu Terran - Winner!

Build Orders: Command Center First (CC), MMM Bio 

Get SALT Encoding   

  12  0:00  SCV  
  13  0:13  SCV  
  14  0:24  Supply Depot  
  14  0:25  SCV  
  15  0:45  SCV  
  16  0:56  Command Center  
  16  0:59  SCV  
  17  1:11  SCV  
  17  1:14  Barracks  
  18  1:23  SCV  
  19  1:28  Barracks  
  19  1:36  SCV  
  20  1:42  Barracks  
  20  1:48  SCV  
  22  2:02  Marine  
  22  2:03  Orbital Command  
  22  2:08  Orbital Command  
  22  2:15  Marine  
  23  2:20  Marine  
  24  2:29  Marine, SCV  
  26  2:33  Marine, SCV  
  28  2:37  Refinery  
  28  2:38  Marine  
  28  2:39  Refinery  
  28  2:41  SCV  
  30  2:47  Marine, SCV  
  30  2:51  Marine  
  33  2:55  SCV  
  33  2:56  Marine  
  35  2:59  SCV  
  35  3:05  Marine  
  37  3:07  SCV  
  37  3:09  Marine  
  38  3:15  Barracks Tech Lab  
  38  3:26  Supply Depot  
  38  3:33  Barracks Reactor, Barracks Tech Lab  
  38  3:36  Supply Depot  
  38  3:40  Marine, SCV x2  
  41  3:41  Stimpack  
  41  3:45  Engineering Bay  
  41  3:52  SCV x2  
  41  3:54  Marine  
  44  3:58  Marine  
  45  4:04  SCV x2, Combat Shields  
  47  4:10  Marine  
  47  4:11  Marine  
  47  4:12  Marine  
  47  4:15  Marine  
  47  4:16  Refinery, SCV x2  
  53  4:20  Factory  
  53  4:28  Marine, SCV x2  
  53  4:29  Supply Depot  
  56  4:34  Marine x3  
  59  4:40  SCV  
  59  4:41  Refinery, SCV  
  59  4:44  Terran Infantry Weapons Level 1  
  61  4:46  Marine  
  61  4:52  Marine  
  63  4:53  SCV x2  
  63  4:57  Marine  
  63  4:58  Marine  
  67  5:03  Supply Depot, Marine  
  67  5:05  Starport, Factory Reactor  
  70  5:10  Supply Depot  
  70  5:13  Marine  
  69  5:21  Barracks  
  69  5:22  Marine, Barracks  
  69  5:25  Marauder x2  
  74  5:29  SCV  
  74  5:30  Concussive Shells  
  74  5:31  Marine, SCV  
  74  5:35  Supply Depot  
  77  5:40  Marine  
  77  5:41  SCV  
  79  5:48  Marauder x2  
  79  5:49  Marine  
  84  5:52  Command Center  
  84  6:04  Medivac x2  
  84  6:05  Marine  
  84  6:07  SCV x2  
  84  6:09  Supply Depot, Marauder  
  93  6:17  Marine  
  93  6:18  Barracks Reactor, Barracks Tech Lab  
  94  6:31  Supply Depot, Marauder x2, SCV x2  
  100  6:35  Medivac  
  100  6:38  Supply Depot  
  102  6:53  Medivac, SCV x2  
  106  6:54  Engineering Bay  
  106  6:56  Supply Depot, Armory  
  106  6:57  Marine  
  107  7:04  Orbital Command  
  107  7:05  SCV  
  107  7:06  Marauder  
Tags
 
Add a new tag
Caveats
  • Supply blocks, unpowered buildings, or Contaminate may cause inaccurate times.
  • Supply counts are checked every 10 seconds.